Map: Ever Dream LE

Players

Astrea

  • Race: Protoss Protoss
  • Spawn Location: 7:00

Serral - Winner!

  • Race: Zerg Zerg
  • Spawn Location: 1:00

Event: StayAtHomestory Cup #2

VOD

Have the link to the VOD?

Description

Time

  • Played on: June 11, 2020, 7:29 a.m.
  • Length: 11:17

All games in this series

Show
View Real Time Build Order
Export as new Build Order

Astrea Protoss 

Build Orders: 1 Gate Expand, Blink Stalkers 

Get SALT Encoding   

  12  0:00  Probe  
  13  0:13  Pylon  
  13  0:14  Probe  
  14  0:22  Probe  
  15  0:32  Probe  
  16  0:38  Gateway  
  16  0:44  Probe  
  16  0:48  Assimilator  
  17  0:56  Probe  
  18  1:08  Probe  
  19  1:20  Probe  
  20  1:26  Nexus  
  20  1:35  Cybernetics Core  
  20  1:38  Probe  
  21  1:45  Assimilator  
  21  1:50  Probe  
  22  1:55  Pylon  
  22  2:02  Probe  
  22  2:04  Adept  
  23  2:11  Probe  
  23  2:15  Warp Gate  
  25  2:20  Probe  
  26  2:26  Stalker  
  26  2:28  Twilight Council  
  27  2:30  Probe  
  29  2:39  Probe  
  30  2:44  Probe  
  31  2:51  Probe  
  31  2:56  Probe, Blink  
  33  3:03  Probe  
  33  3:04  Gateway  
  34  3:11  Probe  
  35  3:17  Probe  
  36  3:22  Robotics Facility  
  36  3:23  Probe  
  37  3:29  Probe  
  38  3:35  Probe  
  38  3:39  Gateway  
  39  3:42  Probe, Gateway  
  39  3:47  Gateway  
  40  3:49  Probe  
  40  3:54  Probe, Gateway  
  42  3:59  Warp Prism  
  42  4:01  Gateway  
  42  4:05  Assimilator  
  44  4:13  Pylon  
  44  4:16  Assimilator  
  44  4:19  Probe  
  44  4:20  Probe  
  46  4:26  Pylon  
  46  4:30  Observer  
  46  4:32  Probe, Stalker x2  
  46  4:35  Stalker  
  54  4:42  Pylon  
  54  4:43  Pylon  
  55  4:48  Pylon  
  54  4:55  Stalker x3  
  54  4:59  Stalker  
  62  5:03  Stalker  
  64  5:07  Stalker  
  64  5:11  Stalker  
  62  5:41  Stalker  
  62  5:42  Stalker x5  
  74  5:44  Stalker  
  74  5:50  Pylon  
  74  5:52  Pylon  
  74  5:58  Observer  
  72  6:05  Observer  
  70  6:15  Zealot, Stalker x6  
  84  6:26  Observer  
  82  6:35  Pylon  
  82  6:43  Observer  
  80  6:49  Stalker x5  
  80  6:50  Zealot x2  
  80  6:53  Pylon  
  94  6:55  Pylon  
  94  7:12  Observer  
  94  7:17  Stalker x5  
  94  7:18  Zealot x2  
  94  7:22  Pylon  
  108  7:24  Pylon  
  106  7:40  Adept x2, Pylon  
  110  7:56  Stalker x5  
  120  8:12  Pylon  
  120  8:20  Stalker x4  
  120  8:21  Zealot x3  
  120  8:25  Pylon  
  118  8:47  Assimilator, Stalker x4  
  118  8:48  Zealot x2  
  124  9:16  Stalker x5  
  124  9:43  Stalker x4  
  126  9:56  Stalker x3  
  122  10:08  Stalker  
  122  10:09  Stalker  
  114  10:31  Zealot, Stalker x3  
  114  10:32  Zealot x3  
  121  10:58  Sentry x2, Zealot x5  
Show
View Real Time Build Order
Export as new Build Order

Serral Zerg - Winner!

Build Orders: Hatch First 

Get SALT Encoding   

  12  0:02  Drone  
  13  0:12  Overlord  
  13  0:17  Drone  
  14  0:31  Drone x2  
  16  0:38  Drone  
  17  0:52  Hatchery  
  17  0:55  Drone  
  17  0:58  Drone  
  18  1:09  Extractor  
  17  1:14  Spawning Pool  
  17  1:16  Drone  
  17  1:21  Drone  
  18  1:28  Drone  
  19  1:38  Overlord  
  19  1:50  Drone  
  20  2:01  Queen  
  20  2:02  Zergling x2  
  20  2:04  Queen  
  20  2:05  Zergling x2  
  26  2:10  Metabolic Boost  
  26  2:11  Drone  
  26  2:15  Drone  
  28  2:22  Drone  
  29  2:26  Drone  
  30  2:39  Drone  
  30  2:40  Hatchery  
  29  2:47  Drone x3  
  32  2:53  Queen  
  32  2:57  Overlord  
  34  3:01  Drone  
  35  3:12  Zergling x2  
  36  3:18  Drone x3  
  36  3:19  Drone  
  41  3:20  Drone  
  41  3:27  Drone  
  41  3:28  Queen  
  41  3:30  Spore Crawler  
  43  3:34  Overlord  
  43  3:39  Zergling x2  
  44  3:44  Overlord  
  44  3:47  Overlord  
  44  3:52  Drone x2  
  44  3:53  Queen, Drone x3  
  51  4:02  Drone, Roach Warren  
  51  4:03  Drone  
  51  4:07  Overlord  
  51  4:08  Drone  
  51  4:09  Drone  
  54  4:16  Spine Crawler  
  53  4:21  Zergling x10  
  53  4:22  Zergling x2  
  59  4:25  Drone  
  59  4:29  Overlord  
  60  4:32  Zergling x2  
  60  4:36  Zergling x2  
  60  4:37  Zergling x8  
  66  4:48  Overlord  
  66  4:49  Roach x4  
  74  4:53  Spore Crawler  
  74  4:54  Spore Crawler  
  74  4:55  Roach x2  
  76  5:02  Roach x3  
  81  5:08  Lair  
  83  5:16  Zergling x12  
  83  5:18  Overlord  
  83  5:19  Overlord  
  89  5:22  Overlord  
  87  5:34  Zergling x10  
  88  5:38  Extractor  
  88  5:40  Extractor  
  81  5:44  Drone x3  
  81  5:45  Drone x2  
  81  5:46  Ravager  
  87  6:01  Zergling x14  
  89  6:09  Roach x3, Zergling x4  
  93  6:21  Zergling x6  
  93  6:24  Queen x3  
  102  6:27  Extractor  
  96  6:33  Roach  
  96  6:34  Roach x2, Zergling x6  
  96  6:36  Overlord  
  96  6:38  Hatchery  
  105  6:40  Ravager  
  100  6:49  Overlord  
  100  6:52  Roach x3  
  106  6:55  Drone x2  
  106  6:56  Zergling x4  
  106  6:57  Zergling x4  
  106  6:59  Ravager  
  106  7:00  Ravager  
  114  7:04  Drone  
  114  7:05  Overlord  
  112  7:13  Zergling x10  
  113  7:16  Ravager x3  
  116  7:28  Roach, Zergling x14  
  117  7:45  Roach x2, Zergling x10, Ravager  
  117  7:49  Overseer  
  125  7:54  Roach  
  125  7:55  Roach x4  
  135  8:04  Overlord  
  135  8:05  Overlord x2  
  135  8:11  Overlord  
  135  8:18  Overlord  
  135  8:19  Overlord x2  
  131  8:24  Ravager x5  
  124  8:34  Roach x2, Zergling x2  
  124  8:35  Zergling x8  
  124  8:38  Glial Reconstitution  
  122  8:46  Ravager  
  121  8:49  Zergling x10  
  123  8:57  Zergling x6  
  122  9:05  Ravager  
  122  9:06  Ravager x2  
  123  9:15  Roach x3, Zergling x10  
  128  9:18  Ravager  
  129  9:29  Roach x3, Zergling x4  
  129  9:30  Roach  
  128  9:38  Roach x2, Zergling x4  
  127  9:47  Ravager x2  
  127  9:50  Zergling x2  
  127  9:51  Zergling x8  
  133  9:56  Drone x3  
  132  10:01  Zergling x8  
  130  10:08  Roach, Zergling x4  
  130  10:11  Ravager  
  130  10:12  Ravager  
  132  10:19  Roach x3, Zergling x2  
  132  10:34  Roach  
  132  10:35  Roach x5  
  143  10:42  Ravager  
  144  10:49  Roach, Zergling x14  
  147  10:57  Ravager x2  
  147  10:58  Zergling x8  
Tags
 
Add a new tag
Caveats
  • Supply blocks, unpowered buildings, or Contaminate may cause inaccurate times.
  • Supply counts are checked every 10 seconds.